Map: Romanticide LE

Players

HellraiseR - Winner!

  • Race: Protoss Protoss
  • Spawn Location: 5:00

Ziggy

  • Race: Terran Terran
  • Spawn Location: 11:00

Event: DreamHack SC2 Masters 2020 Winter

VOD

Have the link to the VOD?

Description

Time

  • Played on: Oct. 30, 2020, 12:13 p.m.
  • Length: 5:29

All games in this series

Show
View Real Time Build Order
Export as new Build Order

HellraiseR Protoss - Winner!

Build Orders: Dark Templar Rush 

Get SALT Encoding   

  12  0:00  Probe  
  13  0:12  Probe  
  14  0:16  Pylon  
  14  0:24  Probe (Chrono Boost)  
  16  0:36  Probe (Chrono Boost)  
  16  0:37  Gateway  
  16  0:42  Probe (Chrono Boost)  
  16  0:46  Assimilator  
  17  0:51  Probe  
  18  1:03  Probe  
  19  1:15  Probe  
  20  1:23  Zealot (Chrono Boost)  
  22  1:26  Cybernetics Core  
  22  1:27  Probe  
  23  1:36  Pylon  
  23  1:54  Probe  
  24  2:03  Adept (Chrono Boost)  
  24  2:04  Warp Gate  
  24  2:06  Probe  
  24  2:07  Assimilator, Pylon  
  26  2:17  Nexus  
  26  2:20  Probe  
  27  2:28  Stalker (Chrono Boost)  
  29  2:34  Probe  
  30  2:46  Probe  
  30  2:58  Twilight Council  
  30  3:00  Probe  
  31  3:12  Robotics Facility  
  31  3:15  Pylon  
  31  3:26  Gateway  
  31  3:29  Probe  
  31  3:32  Probe  
  31  3:33  Gateway  
  34  3:41  Probe (Chrono Boost)  
  34  3:44  Dark Shrine  
  34  3:45  Probe (Chrono Boost)  
  35  3:53  Probe (Chrono Boost)  
  37  3:57  Probe (Chrono Boost)  
  37  4:00  Probe (Chrono Boost)  
  37  4:02  Probe (Chrono Boost)  
  38  4:05  Warp Prism (Chrono Boost)  
  38  4:07  Probe  
  42  4:12  Probe  
  43  4:20  Shield Battery, Probe  
  43  4:24  Probe  
  45  4:27  Assimilator  
  45  4:32  Pylon, Probe  
  45  4:34  Observer (Chrono Boost)  
  45  4:36  Probe  
  48  4:38  Stalker  
  48  4:39  Pylon  
  48  4:45  Probe  
  51  4:47  Assimilator  
  51  4:48  Probe  
  52  4:57  Probe  
  53  5:01  Pylon, Probe  
  53  5:05  Dark Templar x2  
  58  5:09  Probe  
  59  5:15  Probe  
  59  5:20  Gateway  
Show
View Real Time Build Order
Export as new Build Order

Ziggy Terran 

Build Orders: 2 Factory, Gas First Reaper Expand 

Get SALT Encoding   

  12  0:00  SCV  
  13  0:12  SCV  
  14  0:17  Supply Depot  
  14  0:24  SCV  
  15  0:30  Refinery  
  15  0:39  SCV  
  16  0:46  Barracks  
  16  0:51  SCV  
  17  1:02  Engineering Bay  
  17  1:05  SCV  
  18  1:17  SCV  
  19  1:33  Orbital Command, Reaper  
  20  2:02  Command Center  
  20  2:05  SCV  
  21  2:15  Barracks Reactor  
  21  2:17  SCV  
  21  2:22  Factory  
  22  2:29  Refinery  
  22  2:30  SCV  
  23  2:37  Supply Depot  
  23  2:53  SCV  
  23  2:54  Factory  
  23  2:59  Marine x2  
  23  3:05  SCV  
  26  3:10  Factory Tech Lab  
  26  3:14  Orbital Command  
  26  3:16  Marine x2  
  26  3:19  SCV  
  29  3:29  Cyclone  
  29  3:31  SCV  
  33  3:34  Marine x2  
  33  3:42  Orbital Command  
  33  3:43  SCV  
  33  3:46  Factory Tech Lab  
  34  3:52  Marine x2  
  34  3:55  SCV  
  37  4:01  Siege Tank  
  40  4:03  Supply Depot  
  40  4:06  Siege Tank  
  40  4:07  SCV  
  44  4:11  SCV  
  44  4:12  Marine  
  46  4:20  Supply Depot  
  46  4:24  Marine  
  46  4:25  SCV  
  46  4:30  Marine  
  49  4:33  Siege Tank  
  49  4:36  SCV, Supply Depot  
  53  4:42  Marine  
  53  4:45  SCV  
  55  4:48  Marine  
  56  4:53  Siege Tank  
  56  4:56  SCV  
  56  4:58  SCV, Supply Depot  
  61  5:00  Marine  
  61  5:06  Marine  
  63  5:08  SCV  
  63  5:10  SCV  
  70  5:24  Supply Depot  
Tags
 
Add a new tag
Caveats
  • Supply blocks, unpowered buildings, or Contaminate may cause inaccurate times.
  • Supply counts are checked every 10 seconds.